 Dungeon Crawl Stone Soup version 0.26-a0-652-gafc20e3620 (console) character file.

Game seed: 17733016710580519474

1608 jejorda2 the Carver (level 8, -4/70 HPs)
             Began as a Minotaur Berserker on Oct 2, 2020.
             Was a Priest of Trog.
             Shot with an arrow by a centaur (10 damage)
             ... on level 5 of the Dungeon.
             The game lasted 00:08:57 (3797 turns).

jejorda2 the Carver (Minotaur Berserker)            Turns: 3797, Time: 00:08:58

Health: -4/70      AC:  6    Str: 25    XL:     8   Next: 63%
Magic:  7/7        EV: 11    Int:  4    God:    Trog [***...]
Gold:   248        SH:  0    Dex:  9    Spells: 7/7 levels left

rFire    . . .     SeeInvis .   a - +0 long sword
rCold    . . .     Faith    .   (no shield)
rNeg     . . .     Spirit   .   c - +0 ring mail
rPois    .         Reflect  .   (helmet restricted)
rElec    .         Harm     .   (no cloak)
rCorr    .         Rampage  .   (no gloves)
MR       .....                  (no boots)
Stlth    ..........             (no amulet)
HPRegen  0.21/turn              (no ring)
MPRegen  0.10/turn              x - ring of flight

@: berserk cooldown, slowed, very slow
A: retaliatory headbutt, horns 2
a: Berserk, Trog's Hand, Renounce Religion, Evoke Flight


You were on level 5 of the Dungeon.
You worshipped Trog.
Trog was most pleased with you.
You visited 1 branch of the dungeon, and saw 5 of its levels.

You collected 248 gold pieces.

Inventory:

Hand Weapons
 a - a +0 long sword (weapon)
 b - a +0 shortbow
 t - a +0 quarterstaff
Missiles
 p - 30 arrows
 s - 2 javelins (quivered)
Armour
 c - a +0 ring mail (worn)
Jewellery
 q - an uncursed ring of see invisible
 x - a ring of flight (right hand)
Wands
 d - a wand of digging (7)
Scrolls
 i - 3 scrolls of teleportation
 k - a scroll of fog
 n - a scroll of remove curse
 u - 4 scrolls of identify {unknown}
 w - 4 scrolls of amnesia {unknown}
Potions
 e - 4 potions of heal wounds {unknown}
 f - a potion of berserk rage {unknown}
 g - 2 potions of mutation {unknown}
 h - a potion of brilliance {unknown}
 j - 2 potions of haste {unknown}
 l - a potion of lignification {unknown}
 m - a potion of degeneration {unknown}
 o - 3 potions of flight {unknown}
 r - 2 potions of stabbing {unknown}
 v - a potion of magic {unknown}


   Skills:
 - Level 6.0 Fighting
 * Level 10.1 Long Blades
 + Level 4.6 Bows
 - Level 6.0 Armour
 - Level 2.1 Dodging


You had 7 spell levels left.
You didn't know any spells.
Your spell library was empty.

Dungeon Overview and Level Annotations

Branches:
Dungeon (5/15)
 Temple: D:4-7

Altars:
Gozag
Nemelex Xobeh
Qazlal
Uskayaw
Xom
Zin


Innate Abilities, Weirdness & Mutations

You reflexively headbutt those who attack you in melee.
You have a pair of horns on your head.


Message History

An orc wizard comes into view. It is wielding a +0 dagger.
A shadow imp comes into view.
The phantom hits you!
* * * LOW HITPOINT WARNING * * *
The centaur shouts!
The shadow imp shouts, "Remove thy stench, thou horrid moon-mazed bovine!"
The orc wizard shouts!
You slash the phantom!
You destroy the phantom!
Trog accepts your kill.
Your Long Blades skill increases to level 10!
You are no longer berserk.
You are exhausted.
You feel yourself slow down.
You hear a shout! x2
The centaur zaps a wand.
The puff of flame hits you!
* * * LOW HITPOINT WARNING * * *
The centaur wields a +0 shortbow.
The centaur shoots an arrow.
The arrow hits you!
You die...

.# .#.....##.. ...#...
.#c. #5..#.....##.......
#...# ..##...#..........
#...#...#.....# #......
..#...#........# #...$..
........##$..####...#..
#..)##....##...# #..
#.†..†....#...# #..
#...#@......>...####.#
#...#..........<...##.#
#...#.......#...........
.......o..###...........
.....#.#o###............
.......#................
......##......##........
...... .....# ###....<.
.)... #.....#.


You could see a centaur, an orc priest, an orc wizard and a shadow imp.

Vanquished Creatures
  A two-headed ogre (D:5)
  Eustachio (D:4)
  A sky beast (D:5)
  An ice beast (D:5)
  A phantom (D:5)
  A centaur (D:5)
  A howler monkey (D:5)
  A jelly (D:5)
  A hound (D:5)
  An orc wizard (D:4)
  An orc priest (D:5)
  3 worker ants
  2 howler monkey skeletons (D:5)
  11 adders
  A shadow imp (D:5)
  2 white imps
  An ufetubus (D:5)
  2 oozes (D:4)
  An adder skeleton (D:5)
  A worm (D:3)
  3 dart slugs
  2 leopard geckos
  8 orcs
  12 bats
  5 giant cockroaches
  7 goblins
  10 hobgoblins
  8 jackals
  13 kobolds
  2 quokkas
  A ball python (D:4)
  7 frilled lizards
  A quokka skeleton (D:4)
  3 rats
117 creatures vanquished.

Notes
Turn   | Place    | Note
-------+----------+-------------------------------------------
     0 | D:1      | jejorda2 the Minotaur Berserker began the quest for the
                  | Orb.
     0 | D:1      | Reached XP level 1. HP: 19/19 MP: 0/0
   166 | D:1      | Reached XP level 2. HP: 27/27 MP: 1/1
   221 | D:1      | Reached skill level 4 in Long Blades
   318 | D:1      | You fall into a shaft and drop 1 floor!
   324 | D:2      | Reached XP level 3. HP: 28/33 MP: 2/2
   341 | D:2      | Reached ** piety under Trog
   602 | D:2      | Found a glowing silver altar of Zin.
   872 | D:2      | Noticed an angel
   878 | D:2      | Found a shimmering altar of Xom.
   893 | D:2      | Reached XP level 4. HP: 38/41 MP: 3/3
  1073 | D:2      | Found an opulent altar of Gozag.
  1123 | D:2      | Found a stormy altar of Qazlal.
  2109 | D:4      | Reached skill level 5 in Long Blades
  2109 | D:4      | Reached XP level 5. HP: 46/47 MP: 4/4
  2161 | D:4      | Reached skill level 5 in Fighting
  2222 | D:4      | Noticed Eustachio
  2234 | D:4      | Killed Eustachio
  2234 | D:4      | Reached XP level 6. HP: 53/56 MP: 5/5
  2251 | D:4      | Found a sparkling altar of Nemelex Xobeh.
  2453 | D:4      | Reached skill level 5 in Armour
  2601 | D:4      | Found a hide-covered altar of Uskayaw.
  2632 | D:4      | Reached *** piety under Trog
  3055 | D:5      | Entered Level 5 of the Dungeon
  3286 | D:5      | Noticed a sky beast
  3295 | D:5      | Killed a sky beast
  3295 | D:5      | Reached skill level 6 in Long Blades
  3470 | D:5      | Reached XP level 7. HP: 55/63 MP: 6/6
  3625 | D:5      | Reached skill level 7 in Long Blades
  3735 | D:5      | Reached skill level 1 in Bows
  3774 | D:5      | Noticed a two-headed ogre
  3785 | D:5      | Killed a two-headed ogre
  3785 | D:5      | Reached skill level 9 in Long Blades
  3785 | D:5      | Reached XP level 8. HP: 29/70 MP: 7/7
  3796 | D:5      | Reached skill level 10 in Long Blades
  3797 | D:5      | Shot with an arrow by a centaur

Illustrated notes

Levels and vault maps discovered:
D:1:      lordsloth_arrival_two_stooges, layout_loops_ring,
          minmay_small_reverse_x
D:2:      layout_rooms, grunt_temple_overflow_order_and_chaos_1,
          nicolae_gozag_cash_rules_everything_around_me,
          nicolae_qazlal_eye_of_the_storm
D:3:      layout_basic, kennysheep_decorative_pillar
D:4:      layout_basic, lemuel_crystal_altar, eat_drink_and_be_merry_uskayaw,
          minmay_manual_mandibuliform, uniq_eustachio
D:5:      cheibrodos_fzero, layout_cave_pools, minmay_temple_entry_overgrown,
          uniq_crazy_yiuf_cottage

Skill      XL: |  1  2  3  4  5  6  7  8 |
---------------+-------------------------+-----
Fighting       | 4 5 6 |  6.0
Long Blades    | 4 5 6 9 10 | 10.1
Armour         | 3 4 5 6 |  6.0
Bows           | 4 |  4.6
Dodging        | |  2.1

Action                   |  1- 3 |  4- 6 |  7- 9 || total
-------------------------+-------+-------+-------++-------
Melee: Falchion          |    70 |       |       ||    70
       Headbutt          |     9 |    21 |    14 ||    44
       Long sword        |     3 |   135 |    63 ||   201
Invok: Berserk           |       |       |     1 ||     1
  Use: Scroll            |       |     6 |       ||     6
Armor: Ring mail         |    28 |    57 |    25 ||   110
Dodge: Dodged            |    61 |    86 |    37 ||   184
       Rpst.: Falchion   |    17 |       |       ||    17
       Long sword        |     1 |    19 |    10 ||    30

Table legend: (Time is in decaauts)
 A = Elapsed time spent in this place.
 B = Non-inter-level travel time spent in this place.
 C = Inter-level travel time spent in this place.
 D = Time resting spent in this place.
 E = Time spent auto-exploring this place.
 F = Levels seen in this place.
 G = Mean time per level.
                   A        B        C        D        E       F      G
               +--------+--------+--------+--------+--------+-----+--------+
         Total |   3819 |   3612 |    207 |     23 |   2805 |   5 |  763.8 |
       Dungeon |   3819 |   3612 |    207 |     23 |   2805 |   5 |  763.8 |
               +--------+--------+--------+--------+--------+-----+--------+

Top non-repeatable levels by time:
     D:4: 1075 daAuts
     D:3: 992 daAuts
     D:2: 678 daAuts
     D:5: 564 daAuts
     D:1: 509 daAuts
